Cogmind - Beta 16 @@@ ROGUE MODE // 2026.01.24 @ 15:37:11 Player: 2401 Result: Destroyed by S-10 Pest with Light Assault Rifle Performance ------------- Evolutions (0) 0 Regions Visited (2) 400 Robots Destroyed (28) 140 Value Destroyed (681) 681 Prototype IDs (15) 300 Alien Tech Used (0) 0 Bonus (0) 0 TOTAL SCORE: 1521 Bonus ------- None Cogmind --------- Core Integrity 0/250 Matter 266/300 Energy 174/180 System Corruption 0% Temperature Cool (3) Movement Walking (190) Ox1 Location -10/Subcaves Parts ------- > --- POWER (1) -------- Meta Core > --- PROPULSION (2+1) - Aluminum Leg (+) Aluminum Leg Aluminum Leg > --- UTILITY (2+1) ---- Large Storage Unit Terrain Scan Processor (+) Makeshift Light Armor Plating > --- WEAPON (2+1) ----- Riot Gun Heavy Battle Rifle Makeshift Axe (+) > --- INVENTORY (15) --- Light Ion Engine Wheel Subdweller Monowheel Disposable Heat Sink Humpback Subdweller Optics Seismic Detector Scrap Shield Subdweller Shrapnel Launcher Scrap Shield Fragment (48) Scrap Shield Fragment (48) Peak State ------------ > --- POWER ------------ Meta Core > --- PROPULSION ------- Aluminum Leg Aluminum Leg Aluminum Leg > --- UTILITY ---------- Large Storage Unit Terrain Scan Processor Makeshift Light Armor Plating > --- WEAPON ----------- Riot Gun Heavy Battle Rifle Makeshift Axe > --- INVENTORY -------- Wheel Subdweller Monowheel Disposable Heat Sink Humpback Subdweller Optics Seismic Detector Scrap Shield Subdweller Shrapnel Launcher Scrap Shield Fragment Scrap Shield Fragment [Rating: 36] Favorites ----------- Power Meta Core Engine Ion Engine Power Core Meta Core Propulsion Aluminum Leg Leg Aluminum Leg Wheel Wheel Utility Large Storage Unit Device Subdweller Optics Storage Large Storage Unit Processor Terrain Scan Processor Protection Makeshift Light Armor Plating Weapon Improved EM Shotgun Energy Gun Improved EM Shotgun Energy Cannon Subdweller Beam Cannon Ballistic Gun Heavy Battle Rifle Ballistic Cannon Light Cannon Launcher Subdweller Shrapnel Launcher Impact Weapon Hammer Slashing Weapon Makeshift Axe Build | -11 -10 -10 ------- Run | Yrd Mat Sub Slots Evolved . | . . . Power . | . . . Propulsion . | . . . Utility . | . . . Weapon . | . . . Parts Attached 41 | 6 10 25 Power 8 | 1 3 4 Engine 7 | 1 3 3 Core 1 | . . 1 Reactor . | . . . Propulsion 9 | 2 1 6 Treads . | . . . Leg 5 | 2 1 2 Wheel 4 | . . 4 Hover . | . . . Flight . | . . . Utility 9 | 1 3 5 Device 1 | . . 1 Storage 3 | 1 1 1 Processor 1 | . . 1 Hackware . | . . . Protection 4 | . 2 2 Artifact . | . . . Weapon 15 | 2 3 10 Energy Gun 6 | 2 3 1 Energy Cannon 1 | . . 1 Ballistic Gun 4 | . . 4 Ballistic Cannon 1 | . . 1 Launcher 1 | . . 1 Special Weapon . | . . . Impact Weapon 1 | . . 1 Slashing Weapon 1 | . . 1 Piercing Weapon . | . . . Special Melee Weapon . | . . . Unidentified Prototypes 1 | . 1 . Parts Lost 6 | . . 6 Power 1 | . . 1 Propulsion 1 | . . 1 Utility 1 | . . 1 Weapon 3 | . . 3 Highest Loss Streak 4 | . . 4 To Critical Strikes . | . . . Average Backups 9 | 4 8 9 Power . | . 1 . Propulsion 3 | 2 3 2 Utility 3 | . . 4 Weapon 2 | . 3 1 Tool/Special . | . . . Unused Backups 17 | . 10 7 Power 1 | . 1 . Propulsion 6 | . 4 2 Utility 4 | . . 4 Weapon 6 | . 5 1 Tool/Special . | . . . Average Slot Usage (%) 96 | . 92 97 Engine 8 | . 14 6 Core 4 | . . 5 Leg 23 | . 27 22 Wheel 4 | . . 6 Device 1 | . . 1 Storage 12 | . 14 11 Processor 4 | . . 5 Protection 8 | . 7 8 Energy Gun 13 | . 27 8 Energy Cannon 1 | . . 1 Ballistic Gun 7 | . . 10 Impact Weapon 1 | . . 1 Slashing Weapon 4 | . . 5 Peak Build Rating 36 | 6 12 36 Average Rating 21 | 4 10 25 On Entrance 6 | . 6 12 Avg Prop Armor Cover (%) . | . . . Naked Turns . | . . . Heaviest Build 40 | 12 34 40 Greatest Support 30 | 20 20 30 Greatest Overweight (x) 3 | 3 1 3 Average Overweight (x) . | . . 1 Largest Inventory Capacity 15 | 8 15 15 Average Capacity 13 | 7 9 14 Most Carried 15 | 6 15 15 Average Carried 11 | 4 8 13 Final Capacity 15 | 8 15 15 Final Carried 15 | 6 15 13 Class Distribution -------------------- 59% | Mutant 40% | Derelict-Mutant Dominant Class ---------------- Mutant | -10/Materials Derelict-Mutant | -10/Subcaves Resources | -11 -10 -10 ----------- Run | Yrd Mat Sub Matter Collected 769 | 229 147 393 Remotely . | . . . Salvage Created 917 | . 504 413 Parts 54 | . 30 24 Haulers Intercepted 1 | . 1 . Recyclers Shooed . | . . . Parts Field Recycled . | . . . Retrieved Matter . | . . . Parts Self-Destructed 10 | . . 10 Prevented . | . . . Parts Restored . | . . . Kills | -11 -10 -10 ------- Run | Yrd Mat Sub Combat Hostiles Destroyed 23 | . 13 10 Guns 15 | . 10 5 Cannons 4 | . . 4 AOE 2 | . 2 . Classes Destroyed 7 | . 6 1 Worker 1 | . 1 . Hauler 1 | . 1 . Watcher 3 | . 3 . Swarmer 10 | . 9 1 Grunt 3 | . 3 . Sentry 1 | . . 1 Subdweller 9 | . 1 8 Best Kill Streak 4 | . 4 2 Combat Bots Only 3 | . 3 2 Max Kills in Single Turn 2 | . 2 1 Gunslinging . | . . . Exploded 1 | . 1 . Melee . | . . . Uniques/NPCs Destroyed . | . . . Combat | -11 -10 -10 -------- Run | Yrd Mat Sub Hostile Shots Fired 134 | . 47 87 Missed 43 | . 17 26 Hits 91 | . 30 61 Projectile 91 | . 30 61 Critical Strikes 3 | . . 3 Damage Taken 1378 | . 293 1085 Core 255 | . 51 204 Absorbed by Shields . | . . . Redirected to Shielding 12 | . 12 . Regen/Repaired (Parts) 68 | . 68 . Core Remaining (%) 100 | 100 . . Volleys Fired 82 | . 28 54 Largest 2 | . 2 2 Hottest 105 | . 90 105 Shots Fired 141 | . 56 85 Gun 110 | . 56 54 Cannon 31 | . . 31 Launcher . | . . . Special . | . . . Kinetic 64 | . . 64 Thermal 10 | . . 10 Explosive . | . . . Electromagnetic 67 | . 56 11 Robot Hit Streak 11 | . 8 11 Robot Miss Streak 8 | . 8 1 Penetration Max . | . . . Secondary Targets 1 | . 1 . Max Gunslinging Chain 1 | . 1 . Shots Hit Robots 98 | . 42 56 Core Hits 39 | . 23 16 Critical Kills . | . . . Critical Parts Destroyed 4 | . . 4 Critical Strikes 5 | . . 5 Destroy 2 | . . 2 Smash 3 | . . 3 Melee Attacks 31 | . . 31 Impact 20 | . . 20 Slashing 11 | . . 11 Piercing . | . . . Sneak Attacks . | . . . Combat Hostiles . | . . . Follow-up Attacks . | . . . Damage Inflicted 1764 | . 804 960 Guns 1253 | . 694 559 Cannons 288 | . . 288 Explosions 110 | . 110 . Melee 113 | . . 113 Ramming . | . . . Kinetic 620 | . . 620 Thermal 191 | . 110 81 Explosive . | . . . Electromagnetic 840 | . 694 146 Impact 113 | . . 113 Slashing . | . . . Piercing . | . . . Highest Corruption . | . . . Average Corruption . | . . . Corruption Purged . | . . . Corruption Blocked . | . . . Overload Shots . | . . . Overflow Damage 57 | . . 57 Projectiles . | . . . Explosions . | . . . Melee 57 | . . 57 Knockbacks 2 | . . 2 Impact . | . . . Kinetic 2 | . . 2 Secondary . | . . . Self-Inflicted Damage 5 | . 5 . Shots 1 | . 1 . Rammed . | . . . Targets Rammed . | . . . Kicked . | . . . Crushed . | . . . Highest Temperature 210 | . 210 28 Average Temperature 60 | . 63 19 Received Heat Transfer 135 | . 36 99 Siege Activations . | . . . Martial Activations . | . . . Shielding Activations . | . . . Robots Disrupted . | . . . Combat Hostiles . | . . . Robots Corrupted 2 | . 1 1 Combat Hostiles 2 | . 1 1 Parts Fried 10 | . 9 1 Impact Corruptions 3 | . . 3 Robots Melted . | . . . Combat Hostiles . | . . . Parts Melted 1 | . 1 . Heat Transferred 261 | . 150 111 Parts Sabotaged . | . . . Parts Stolen . | . . . Parts Stripped . | . . . Power Chain Reactions 3 | . 3 . Alert | -11 -10 -10 ------- Run | Yrd Mat Sub Maximum Alert Level . | . . . Low Security (%) 100 | 100 100 . Level 1 . | . . . Level 2 . | . . . Level 3 . | . . . Level 4 . | . . . Level 5 . | . . . High Security . | . . . Max Security . | . . . Peak Influence 167 | . 167 . Initial . | . . . Average 53 | . 56 . Influence Increases 492 | . 407 85 Destroy 0b10 Robot/C 280 | . 240 40 Destroy 0b10 Robot/NC 25 | . 25 . Destroy Leader 58 | . 58 . Successful Hack 48 | . 48 . Disable Machine 15 | . 15 . Destroy Structure 6 | . 6 . Lose Combat Pursuer 60 | . 15 45 Influence Decreases 448 | . 407 41 Time Decay 448 | . 407 41 Squads Dispatched 1 | . 1 . Investigation . | . . . Extermination . | . . . Reinforcement 1 | . 1 . Assault . | . . . Garrison . | . . . Intercept . | . . . Searches Triggered . | . . . Construction Impeded . | . . . Haulers Reinforced . | . . . Active Scanning Responses . | . . . Cargo Convoy Interrupts . | . . . Stealth | -11 -10 -10 --------- Run | Yrd Mat Sub Distress Signals . | . . . Communications Jammed . | . . . Distress Signals . | . . . Times Spotted 33 | . 18 15 Peak Tracking Total 6 | . 4 6 Tactical Retreats 3 | . 1 2 Traps | -11 -10 -10 ------- Run | Yrd Mat Sub Traps Triggered 2 | . . 2 Indirectly . | . . . Trap Hack Attempts . | . . . Triggered . | . . . Disarmed . | . . . Reprogrammed . | . . . Reused . | . . . Traps Extracted . | . . . Installed . | . . . Triggered . | . . . Machines | -11 -10 -10 ---------- Run | Yrd Mat Sub Machines Disabled 2 | . 1 1 Max in Single Turn 1 | . 1 1 Machines Repaired . | . . . Machines Dismantled . | . . . Machines Sabotaged . | . . . Overloaded Fab Kills . | . . . Hacking | -11 -10 -10 --------- Run | Yrd Mat Sub Machines Accessed 14 | . 10 4 Terminals 7 | . 7 . Fabricators . | . . . Repair Stations 1 | . 1 . Recycling Units 2 | . 2 . Scanalyzers . | . . . Garrison Access . | . . . Total Hacks 43 | . 26 17 Successful 38 | . 21 17 Failed 5 | . 5 . Catastrophic 1 | . 1 . Database Lockouts . | . . . Manual 14 | . 14 . Terminals 16 | . 16 . Fabricators . | . . . Repair Stations 4 | . 4 . Recycling Units 6 | . 6 . Scanalyzers . | . . . Garrison Access . | . . . Terminal Hacks 19 | . 2 17 Record 14 | . . 14 Robot Analysis 1 | . 1 . Prototype ID Bank 1 | . 1 . Open Door 1 | . . 1 Proto ID Catalog 1 | . . 1 Release Object 1 | . . 1 Fabricator Hacks . | . . . Repair Station Hacks 4 | . 4 . Scan Component 2 | . 2 . Repair 2 | . 2 . Recycling Unit Hacks 4 | . 4 . Process 1 | . 1 . Report Inventory 2 | . 2 . Retrieve Matter 1 | . 1 . Scanalyzer . | . . . Garrison Access Hacks . | . . . Unauthorized Hacks 10 | . 10 . Terminals 8 | . 8 . Assimilate 2 | . 2 . Botnet 5 | . 5 . Operators 1 | . 1 . Fabricators . | . . . Repair Stations . | . . . Recycling Units 2 | . 2 . Mask 2 | . 2 . Scanalyzers . | . . . Garrison Access . | . . . Data Cores Recovered . | . . . Used . | . . . Hacking Detections 9 | . 9 . Full Trace Events . | . . . Feedback Events . | . . . Feedback Blocked . | . . . Robot Schematics Acquired . | . . . Robots Built . | . . . Authchips . | . . . Time . | . . . Total Robot Build Rating . | . . . Part Schematics Acquired . | . . . Parts Built . | . . . Authchips . | . . . Time . | . . . Total Part Build Rating . | . . . Part Studies Acquired . | . . . Parts Repaired 2 | . 2 . Time 77 | . 77 . Parts Recycled . | . . . Recycled Matter 4 | . 4 . Retrieved Matter 4 | . 4 . Retrieved Components . | . . . Parts Scanalyzed . | . . . Part Schematics Acquired . | . . . Parts Damaged . | . . . Bothacking | -11 -10 -10 ------------ Run | Yrd Mat Sub Used RIF Installer . | . . . Robots Hacked . | . . . Non-combat . | . . . Combat . | . . . Robot Hacks Applied . | . . . Relay Couplers Released . | . . . Fabnet Peak Effective % . | . . . Robots Rewired . | . . . Allies Hacked . | . . . Hacks Repelled . | . . . Allies | -11 -10 -10 -------- Run | Yrd Mat Sub Total Allies . | . . . Largest Group . | . . . Highest-Rated Group . | . . . Highest-Rated Ally . | . . . Total Orders . | . . . Ally Attacks . | . . . Total Damage . | . . . Kills . | . . . Allies Corrupted . | . . . Allies Melted . | . . . Intel | -11 -10 -10 ------- Run | Yrd Mat Sub Active Infowar (turns) 413 | . . 413 Optics 413 | . . 413 Robot Analysis Total 1 | . 1 . Derelict Logs Recovered 1 | . . 1 Drone Launches . | . . . Drone Recoveries . | . . . Exploration | -11 -10 -10 ------------- Run | Yrd Mat Sub Turns Passed 5853 | 71 1481 4301 Spaces Moved 3500 | 46 941 2513 Core 15 | 15 . . Treads . | . . . Legs 2626 | 31 941 1654 Wheels 859 | . . 859 Hover . | . . . Flight . | . . . Fastest Speed 50 | 50 120 80 Average Speed 150 | 123 131 157 Slowest Speed 200 | 200 190 190 Overloaded Moves . | . . . Propulsion Burnouts . | . . . Robots Hopped . | . . . Potential Cave-ins . | . . . Cave-ins Triggered . | . . . Exploration Rate (%) 57 | 4 90 78 Regions Visited 2 Branch Regions 1 Pre-discovered Areas 2 | . . 2 Known Exits Taken . | . . . Unknown Exits Taken 2 | 1 1 . Scrap Searched 11 | . . 11 Spaces Dug 11 | . . 11 Terrain Destroyed 16 | . 5 11 Melee 9 | . . 9 Projectile 2 | . . 2 AOE 5 | . 5 . Terrain Rammed . | . . . Walls Destroyed . | . . . Machines Disabled . | . . . Actions | -11 -10 -10 --------- Run | Yrd Mat Sub Total 3921 | 57 1139 2725 Wait 162 | . 110 52 Move 3498 | 45 940 2513 Hop . | . . . Pick Up 57 | 6 24 27 Fast Attach 15 | 6 6 3 Attach 10 | . . 10 Detach 3 | . 2 1 Swap 20 | . 6 14 Drop 40 | . 23 17 Fire 82 | . 28 54 Melee 31 | . . 31 Ram . | . . . Kick . | . . . Crush . | . . . Escape Stasis . | . . . Rewire . | . . . Trap . | . . . Miscellaneous 3 | . . 3 Route ------- -11/Scrapyard -10/Materials (discovered 4 exits: [*Mat x2] / [*Min] / *Sub) -10/Subcaves (discovered 1 exit: Mat) History --------- Turn | Location | Event 35 | -11/Scrapyard | Discovered new exit (range 14) 72 | -11/Scrapyard | Entered Materials 215 | -10/Materials | Discovered new exit (range 5) 303 | -10/Materials | Build established: Mutant 306 | -10/Materials | Discovered new exit (range 11) 552 | -10/Materials | Discovered new exit (range 13) 572 | -10/Materials | Derelicts attacked the area 615 | -10/Materials | Repaired Imp. EM Shotgun 643 | -10/Materials | Repaired Aluminum Leg 1007 | -10/Materials | Discovered new exit (range 15) 1553 | -10/Materials | Entered Subcaves 1554 | -10/Subcaves | Approached by a straggling Scientist 1594 | -10/Subcaves | Identified exit to Materials 1691 | -10/Subcaves | Disturbed a concealed Subdweller 1918 | -10/Subcaves | Core integrity fell below 50% 1943 | -10/Subcaves | Visited Clippyterm 1946 | -10/Subcaves | Learned location of Deep Caves (-7) 1946 | -10/Subcaves | Learned 40 Factory zone layouts 2004 | -10/Subcaves | A swath of the cavern ceiling suddenly collapsed 2139 | -10/Subcaves | Learned location of Zion (-7) 2139 | -10/Subcaves | Met a Zionite searching for "candidates" 2147 | -10/Subcaves | Shifting Twisted Machinery released Sub. Beam Cannon 2197 | -10/Subcaves | Core integrity fell below 20% 2217 | -10/Subcaves | Lost 4 parts (1p1n1u1w) 2317 | -10/Subcaves | Released subatomizers from SUBCON Basin 2424 | -10/Subcaves | Shifting Twisted Machinery released Sub. Power Source 3460 | -10/Subcaves | Visited 4L-MR0's lab 3493 | -10/Subcaves | Found Meta Core 3494 | -10/Subcaves | Attached Meta Core, gained temporary slots: Propulsion, Utility, Weapon 3783 | -10/Subcaves | Build established: Derelict-Mutant 5854 | -10/Subcaves | Destroyed by S-10 Pest with Light Assault Rifle Last Messages --------------- something tells me that's where things went wrong. Still I'm glad they didn't listen, that way I'm not culpable for whatever they would've done with it. If we're lucky even some of the others got blasted, too. 4L-MR0 mumbles: "Who knows where that last prototype ended up, probably tossed aside somewhere as if it were useless junk..." Testing Chamber breached. Acquired Meta Core. Core temporarily expanded with Propulsion slot. Core temporarily expanded with Utility slot. Core temporarily expanded with Weapon slot. Acquired 12 matter. Subatomizers dissect the Wheel. ZK-SRD(u) tweaks Twisted Machinery. ZK-SRD(u) builds Twisted Machinery. PY-LAE(R): "MADSUB!" Acquired Lgt. Ion Engine. Critical hit (Destroy). Map ----- +----------------------------------------------------+ | ???# #??????????????????????????????????????? | | #??# #?#####?????####???????####?????###### | | ##?# ### ###??## #??????## ##?#### | | ### ## ##?# ######?# ### | | #??# ### # # | | #### ##??# #### ####?? | | ## #?# #??## ## ### ##??????? | | ## #### #??# #?## #???????? | | ## ##?# #??###???????? | | ### #?## #### #???????????? | | #### ##### #??## #???????????? | | ### #####???# #???????????? | | ### ##???????#####???????????? | | ### ## ##?#####?????????????????? | | ??# ### #### ## ##????????????????? | | ?## #?# ##??# #### ???????????? | | ?# #### #???##% ??????????? | | ?# ##### ###### ???????????? | | ?# ## ### ???????????? | | ## ## ### ! ###### ????????????? | | ## ###### % s #??????????????????? | | " ## #???## s ##??????????????????? | | " ### ##???## s ##???????????????????? | | "#### # ## #????# ##????????????????????? | | ### ## #????#% ##?????????????????????? | | ??# ## ## ##???## @#???#??? #?????????????? | | ??## ####### #???## ### ## #?????????????? | | ??# ??????# ##### %& #?????????????? | | ?? ??????## %& #?????????????? | | ???????# # ????????? | | ## ##???????## ## ##????? ?????????? | | ?##??????????# ##? #?????????????????? | | ?????????????# ##?? ##?????????????????? | | ?????????????## ### ##??? ####??????????????????? | | ??????????????####?###????##?????????????????????? | | ?????????????????????????????????????????????????? | | ?????????????????????????????????????????????????? | | ?????????????????????????????????????????????????? | | ?????????????????????????????????????????????????? | | ?????????????????????????????????????????????????? | | ?????????????????????????????????????????????????? | | ?????????????????????????????????????????????????? | | ?????????????????????????????????????????????????? | | ?????????????????????????????????????????????????? | | ?????????????????????????????????????????????????? | | ?????????????????????????????????????????????????? | | ?????????????????????????????????????????????????? | | ?????????????????????????????????????????????????? | | ?????????????????????????????????????????????????? | | | +----------------------------------------------------+ Best States ------------- Heat Dissipation 25 Energy Generation 17 Energy Capacity 250 Matter Stores 300 Matter Capacity 300 Sight Range 21 Terrain Scan Density 85 Armor Coverage 800 Weapon Shielding 33 Evasion (%) 55 Item Schematics ----------------- None Robot Schematics ------------------ None Fabricated ------------ Nothing Repaired ---------- Imp. EM Shotgun | 61% | -10/Materials Aluminum Leg | 54% | -10/Materials Studied --------- None Alien Tech Used ----------------- None Achievements -------------- Mistaken Identity Myspace Quantum Hacking Survival Of The Most Covered root@ Challenges ------------ None Game ------ Seed MomentumThunderBuckler Manual? 0 Play Time 01:00:05 Cumulative 42.0 hours Start 2026.01.24 @ 14:32:28 End 2026.01.24 @ 15:37:11 Sessions 1 Manual Loads 0 Difficulty Rogue Special Mode None Game No. 18 Rogue 18 Adventurer 0 Explorer 0 Win Type - Total 0 Types 0/0/0/0/0/0/0/0/0/0 Lore% 12 Gallery% 26 Achievement% 22 Wizard Run 0 Options --------- Layout 2 ASCII 0 Keyboard 1 Movement Vi Keybinds 0 Fullscreen 1 Font 24/Smallcaps Map View 50x44 Zoom Use 0% Tactical HUD 0 Map Filters NONE Filters NONE Steam 1 RUN: 21fd96bc-5da8-4260-92ac-43557404d1c8